 Dungeon Crawl Stone Soup version 0.22.0-1-g6561e4c (webtiles) character file.

106621 kibaces the Fighter (level 15, 0/139 HPs)
             Began as a White Draconian Fighter on Aug 11, 2018.
             Was the Champion of Okawaru.
             Slain by an anaconda (2 damage)
             ... on level 2 of the Snake Pit on Aug 12, 2018.
             The game lasted 02:45:05 (42712 turns).

kibaces the Fighter (White Draconian Fighter)      Turns: 42712, Time: 02:45:06

Health: 0/139      AC: 16    Str: 20    XL:     15   Next: 98%
Magic:  21/21      EV: 18    Int:  8    God:    Okawaru [******]
Gold:   1693       SH: 20    Dex: 21    Spells: 14/14 levels left

rFire    . . .     SeeInvis +   n - +5 falchion of Dutej {slice, +Fly rElec rPois}
rCold    + + .     Gourm    .   Q - +0 large shield
rNeg     . . .     Faith    .   (armour unavailable)
rPois    +         Spirit   .   Z - +1 hat {MR+}
rElec    +         Reflect  .   G - +1 cloak
rCorr    .         Harm     .   P - +1 pair of gloves of the Prince of Darkness {Dex+3}
MR       +++..                  o - +1 pair of boots of the Sparrow {SInv}
Stlth    ++........             D - amulet of the acrobat
HPRegen  0.33/turn              N - ring of protection from cold
MPRegen  0.17/turn              t - ring of protection from magic

@: lethally poisoned (0 -> 0), constricted
A: breathe frost, unfitting armour, big wings, agile 1, cold resistance 1, low
mp 1, cold-blooded, AC +9
a: Breathe Frost, Fly, Heroism, Finesse, Renounce Religion, Evoke Flight


You were on level 2 of the Snake Pit.
You worshipped Okawaru.
Okawaru was exalted by your worship.
You were not hungry.

You visited 6 branches of the dungeon, and saw 26 of its levels.
You also visited: Labyrinth and Volcano.

You collected 2090 gold pieces.
You spent 397 gold pieces at shops.

Inventory:

Hand Weapons
 m - a +1 blowgun
 n - the +5 falchion of Dutej (weapon) {slice, +Fly rElec rPois}
   (Okawaru gifted it to you on level 2 of the Lair of Beasts)

   It inflicts extra damage upon your enemies.
   It insulates you from electricity.
   It protects you from poison.
   It lets you fly.
 X - the +9 rapier of the Fox {pierce, MP+9 Dex+3}
   (You found it in a labyrinth)

   It inflicts extra damage upon your enemies.
   It affects your dexterity (+3).
   It affects your magic capacity (+9).
Missiles
 c - 9 curare-tipped needles
 w - 53 poisoned needles
 T - a throwing net (quivered)
Armour
 o - the +1 pair of boots of the Sparrow (worn) {SInv}
   (You found it on level 2 of the Swamp)

   It lets you see invisible.
 G - a +1 cloak (worn)
 P - the +1 pair of gloves of the Prince of Darkness (worn) {Dex+3}
   (Okawaru gifted it to you on level 4 of the Lair of Beasts)

   It affects your dexterity (+3).
 Q - a +0 large shield (worn)
 Z - a +1 hat of magic resistance (worn)
Jewellery
 t - a ring of protection from magic (right hand)
 D - an amulet of the acrobat (around neck)
 N - a ring of protection from cold (left hand)
Wands
 q - a wand of iceblast (5)
 s - a wand of enslavement (43)
 v - a wand of digging (43)
 F - a wand of scattershot (3)
 W - a wand of flame (11)
 Y - a wand of paralysis (37)
Scrolls
 a - a scroll of identify
 b - 5 scrolls of teleportation
 g - 8 scrolls of remove curse
 h - a scroll of amnesia
 i - 4 scrolls of magic mapping
 j - 4 scrolls of enchant armour
 l - a scroll of blinking
 r - a scroll of brand weapon
 y - a scroll of fear
 B - 3 scrolls of fog
 O - a scroll of holy word
 U - 2 scrolls of silence
 V - 4 scrolls of enchant weapon
Potions
 e - a potion of ambrosia
 f - 4 potions of lignification
 p - a potion of berserk rage
 x - 4 potions of flight
 C - 5 potions of agility
 E - 3 potions of curing
 H - 3 potions of haste
 K - a potion of resistance
 L - 4 potions of might
 M - 5 potions of brilliance
 R - 3 potions of cancellation
 S - a potion of magic
Comestibles
 d - 33 rations


   Skills:
 + Level 14.8 Fighting
 - Level 9.1(11.2) Short Blades
 + Level 10.7(12.0) Long Blades
 + Level 12.8 Dodging
 + Level 13.8 Shields
 + Level 11.2 Invocations


You had 14 spell levels left.
You didn't know any spells.
Your spell library contained the following spells:

 Spells                   Type           Power        Failure   Level  Hunger
 Fireball                 Conj/Fire      #.........   100%        5    ######.
 Conjure Flame            Conj/Fire      #.......     99%         3    ####...
 Lightning Bolt           Conj/Air       #.........   100%        5    ######.
 Bolt of Magma            Conj/Fire/Erth #.........   100%        5    ######.
 Confuse                  Hex            #.......     99%         3    ####...
 Throw Flame              Conj/Fire      #.....       95%         2    ###....
 Throw Frost              Conj/Ice       #.....       95%         2    ###....
 Mephitic Cloud           Conj/Pois/Air  #.......     99%         3    ####...
 Venom Bolt               Conj/Pois      #.........   100%        5    ######.
 Olgreb's Toxic Radiance  Pois           #.......     100%        4    #####..
 Freeze                   Ice            #...         88%         1    ##.....
 Sticky Flame             Conj/Fire      #.......     100%        4    #####..
 Summon Ice Beast         Ice/Summ       #.......     100%        4    #####..
 Ozocubu's Armour         Chrm/Ice       #.......     99%         3    ####...
 Regeneration             Chrm/Necr      #.........   99%         3    ####...
 Sting                    Conj/Pois      #...         88%         1    ##.....
 Iron Shot                Conj/Erth      #.........   100%        6    #######
 Shock                    Conj/Air       #...         88%         1    ##.....
 Swiftness                Chrm/Air       #.......     95%         2    ###....
 Statue Form              Tmut/Erth      #........    100%        6    #######
 Dragon Form              Tmut           #.........   100%        7    #######
 Deflect Missiles         Chrm/Air       #.........   100%        6    #######
 Throw Icicle             Conj/Ice       #.......     100%        4    #####..
 Airstrike                Air            #.........   100%        4    #####..
 Confusing Touch          Hex            #.....       88%         1    ##.....
 Flame Tongue             Conj/Fire      #....        88%         1    ##.....
 Metabolic Englaciation   Hex/Ice        #.........   100%        5    ######.
 Silence                  Hex/Air        #.........   100%        5    ######.
 Shatter                  Erth           #.........   100%        9    #######
 Static Discharge         Conj/Air       #.......     99%         3    ####...
 Conjure Ball Lightning   Conj/Air       #.........   100%        6    #######
 Petrify                  Tmut/Erth      #.......     100%        4    #####..
 Orb of Destruction       Conj           #.........   100%        7    #######
 Tornado                  Air            #.........   100%        9    #######
 Shroud of Golubria       Chrm/Tloc      #.........   95%         2    ###....
 Inner Flame              Hex/Fire       #.......     99%         3    ####...
 Iskenderun's Battlesphe  Conj/Chrm      #.......     100%        5    ######.
 Infusion                 Chrm           #...         88%         1    ##.....
 Song of Slaying          Chrm           #.......     95%         2    ###....
 Spectral Weapon          Hex/Chrm       #.......     99%         3    ####...
 Summon Lightning Spire   Summ/Air       #.......     100%        4    #####..
 Spellforged Servitor     Conj/Summ      #.........   100%        7    #######
 Hydra Form               Tmut           #.........   100%        6    #######
 Irradiate                Conj/Tmut      #.........   100%        5    ######.
 Gell's Gravitas          Tloc           #.........   99%         3    ####...
 Yara's Violent Unravell  Hex/Tmut       #.........   100%        5    ######.
 Poisonous Vapours        Pois/Air       #.....       95%         2    ###....
 Ignition                 Fire           #.........   100%        8    #######


Dungeon Overview and Level Annotations

Branches:
Dungeon (12/15)            Temple (1/1) D:4            Lair (6/6) D:8
  Swamp (2/4) Lair:4        Snake (3/4) Lair:2        Slime (0/5) Lair:5
    Orc (2/2) D:11            Elf (0/3) Orc:2

Altars:
Ashenzari
Cheibriados
Dithmenos
Elyvilon
Fedhas
Gozag
Hepliaklqana
Kikubaaqudgha
Makhleb
Nemelex Xobeh
Okawaru
Qazlal
Ru
Sif Muna
Trog
Uskayaw
Vehumet
Wu Jian
Xom
Yredelemnul
Zin
The Shining One
Beogh
Jiyva

Shops:
D:4 (   D:12 !   Orc:2 (:*[   Snake:2 **:

Annotations:
D:12 Frances
Snake:2 4 runed doors, exclusion: obsidian statue, Siufri's ghost, adept GrFi


Innate Abilities, Weirdness & Mutations

You can breathe waves of freezing cold.
You can buffet flying creatures when you breathe cold.
Your icy white scales are hard. (AC +9)
You cannot fit into any form of body armour.
Your flesh is cold resistant. (rC+)
You are cold-blooded and may be slowed by cold attacks.
Your large and strong wings let you fly indefinitely.
You are agile. (Dex +2)
Your magical capacity is low. (-10% MP)


Message History

The salamander is severely wounded.
The anaconda bites you. The anaconda constricts you.
The salamander hits you with an enchanted spear!
You are engulfed in flames!
You hit the salamander but do no damage.
Your tail-slap misses the salamander.
The salamander is severely wounded.
The anaconda misses you.
You riposte.
You hit the anaconda.
Your tail-slap misses the anaconda.
The anaconda is heavily wounded.
* * * LOW HITPOINT WARNING * * *
The anaconda constricts you.
The naga sharpshooter shoots an arrow.
The arrow hits you!!
* * * LOW HITPOINT WARNING * * *
The salamander misses you.
You barely miss the salamander.
The salamander is severely wounded.
You feel sick. The anaconda bites you!
* * * LOW HITPOINT WARNING * * *
You die...

.#...>....##.[#..##........###
.......###.[#).##.........##
..........##)##..........##
.........##[.#........#..#
........####.##.#.##.##..#
.[.....####♣.♣#####♣.♣#..#
.......##.##...###...##.##
.......##..##...NN..##.##
.......##..###..@S.##.##
......##...#.##♣.♣#####
......#...##..####
......#...##.##..#
.........##..#..##
....#...##..#..##
....##.##.....##
.....###......#
#............##


You could see a naga sharpshooter, a salamander and an anaconda.

Vanquished Creatures
  Saint Roka (Snake:2)
  Agnes (Snake:1)
  Azrael (Snake:2)
  An ettin (Orc:1)
  Fannar (D:11)
  Harold (Lair:2)
  8 hydras
  2 naga warriors (Snake:1)
  A centaur warrior (D:12)
  6 anacondas
  8 alligators
  5 two-headed ogres
  A death yak (Lair:4)
  3 naga sharpshooters
  3 orc high priests (Orc:2)
  4 shock serpents
  A fire crab (shapeshifter) (D:12)
  4 swamp dragons
  Pikel (D:8)
  A lindwurm (Lair:4)
  4 orc knights (Orc:2)
  5 orc sorcerers
  A manticore (D:11)
  An ugly thing (D:11)
  4 salamanders
  A centaur zombie (D:12)
  11 elephants
  A naga mage (Snake:2)
  Psyche (D:8)
  Maurice (D:8)
  10 black mambas
  Joseph (D:8)
  17 spiny frogs
  2 torpor snails
  4 rime drakes
  4 komodo dragons
  2 trolls
  3 meliai
  A queen bee (Lair:5)
  Prince Ribbit (D:8)
  8 hornets
  A tyrant leech (Swamp:1)
  7 polar bears
  3 slime creatures (Lair:4)
  11 blink frogs
  7 dream sheep (Lair:6)
  8 hippogriffs
  5 bog bodies
  16 spriggans
  Sigmund (D:3)
  A redback (Lab)
  A vampire (D:10)
  3 shadows
  The ghost of Gorglomux the Chopper, an amateur DDMo (D:4)
  6 basilisks
  56 yaks
  3 wyverns (Lair:5)
  4 hungry ghosts
  11 vampire mosquitoes
  3 fire elementals (Snake:2)
  5 swamp worms
  15 insubstantial wisps
  14 nagas
  2 acid dragons (D:11)
  A warg (Orc:2)
  A soldier ant (D:12)
  11 water moccasins
  A hell hound (Snake:2)
  10 porcupines
  6 swamp drakes
  18 orc warriors
  4 sky beasts
  2 ice beasts
  4 necrophages
  A phantom (D:9)
  10 black bears
  9 ogres
  8 boggarts (Lair:6)
  19 wolves
  10 centaurs
  10 crocodiles
  3 big kobolds
  6 bullfrogs
  A water moccasin zombie (D:7)
  A scorpion (D:5)
  38 killer bees
  7 wights
  3 electric eels
  A howler monkey (D:11)
  7 crimson imps
  4 hounds
  2 bullfrog zombies
  2 jellies (D:7)
  4 bullfrog skeletons
  14 orc priests
  20 orc wizards
  2 iguanas
  Terence (D:3)
  10 worker ants
  A hell rat (Lair:5)
  A killer bee zombie (D:9)
  A hound skeleton (D:11)
  A mummy (D:6)
  3 worker ant zombies
  18 adders
  4 shadow imps
  An ooze (D:6)
  An adder skeleton (D:5)
  An adder zombie (D:6)
  3 worms
  5 leopard geckos
  60 orcs
  3 giant cockroaches
  7 hobgoblins
  5 jackals
  4 quokkas
  A ball python (D:6)
  8 bats
  3 frilled lizards
  8 goblins
  38 kobolds
  A leopard gecko skeleton (D:4)
  10 rats
  A fungus (Lair:6)
  A plant (Lair:3)
762 creatures vanquished.

Vanquished Creatures (others)
  A warg (Snake:2)
  A crimson imp (D:8)
  16 fungi
  6 plants
24 creatures vanquished.

Grand Total: 786 creatures vanquished

Notes
Turn   | Place    | Note
-------+----------+-------------------------------------------
     0 | D:1      | kibaces the Draconian Fighter began the quest for the Orb.
     0 | D:1      | Reached XP level 1. HP: 19/19 MP: 1/1
   276 | D:1      | Reached XP level 2. HP: 26/26 MP: 2/2
   900 | D:2      | Reached XP level 3. HP: 19/33 MP: 3/3
  1218 | D:2      | Found a snail-covered altar of Cheibriados.
  1945 | D:2      | Reached XP level 4. HP: 37/40 MP: 4/4
  1963 | D:2      | Reached skill level 4 in Fighting
  2214 | D:3      | Noticed Sigmund
  2370 | D:3      | Noticed Terence
  2398 | D:3      | Killed Terence
  2398 | D:3      | Reached XP level 5. HP: 46/46 MP: 5/5
  2765 | D:4      | Found Eraffoj's Weapon Emporium.
  3098 | D:4      | Found a staircase to the Ecumenical Temple.
  3108 | Temple   | Entered the Ecumenical Temple
  3278 | Temple   | Became a worshipper of Warmaster Okawaru
  3356 | D:4      | Noticed an ogre
  3381 | D:4      | Killed an ogre
  3381 | D:4      | Reached XP level 6. HP: 55/55 MP: 6/6
  3475 | D:4      | Noticed Gorglomux's ghost (amateur DDMo)
  3476 | D:4      | Found a runed gate.
  3477 | D:4      | Found a runed gate.
  3477 | D:4      | Found a runed gate.
  3613 | D:5      | Entered Level 5 of the Dungeon
  3691 | D:5      | Reached skill level 5 in Fighting
  3892 | D:5      | Noticed an ice beast
  3909 | D:5      | Killed an ice beast
  3909 | D:5      | Your scales start taking on an icy white colour.
  3909 | D:5      | Reached XP level 7. HP: 30/61 MP: 7/7
  3909 | D:5      | Gained mutation: Your flesh is cold resistant. (rC+) [White Draconian growth]
  4604 | D:5      | Reached * piety under Okawaru
  4614 | D:5      | Reached skill level 5 in Shields
  5157 | D:3      | Killed Sigmund
  5703 | D:6      | Reached skill level 6 in Fighting
  5703 | D:6      | Reached skill level 5 in Dodging
  5783 | D:6      | Reached skill level 5 in Long Blades
  5783 | D:6      | Reached XP level 8. HP: 58/70 MP: 8/8
  6140 | D:6      | Reached ** piety under Okawaru
  7293 | D:7      | Reached skill level 7 in Fighting
  7595 | D:4      | Killed Gorglomux's ghost
  7763 | D:6      | Reached XP level 9. HP: 59/77 MP: 9/9
  8165 | D:7      | Reached *** piety under Okawaru
  8532 | D:8      | Noticed Joseph
  8546 | D:8      | Killed Joseph
  8546 | D:8      | Reached skill level 8 in Fighting
  8772 | D:8      | Found an ornate altar of the Wu Jian Council.
  8899 | D:8      | Found a bloodstained altar of Trog.
  8899 | D:8      | Noticed Prince Ribbit
  8900 | D:8      | Found a shattered altar of Ashenzari.
  8905 | D:8      | Found a hide-covered altar of Uskayaw.
  8916 | D:8      | Found a deep blue altar of Sif Muna.
  8951 | D:8      | Killed Prince Ribbit
  9096 | D:8      | Reached **** piety under Okawaru
  9107 | D:8      | Noticed Maurice
  9179 | D:8      | Killed Maurice
  9179 | D:8      | Reached XP level 10. HP: 88/88 MP: 10/10
  9226 | D:8      | Noticed Psyche
  9235 | D:8      | Killed Psyche
  9333 | D:8      | Noticed Pikel
  9362 | D:8      | Killed Pikel
  9362 | D:8      | Reached ***** piety under Okawaru
  9362 | D:8      | Reached skill level 9 in Fighting
  9569 | D:8      | Found a staircase to the Lair.
  9716 | D:9      | Noticed a two-headed ogre
  9729 | D:9      | Killed a two-headed ogre
  9729 | D:9      | Received a gift from Okawaru
 11059 | Lair:1   | Entered Level 1 of the Lair of Beasts
 11082 | D:8      | Received a gift from Okawaru
 11177 | Lair:1   | Noticed a spiny frog
 11364 | D:10     | Entered Level 10 of the Dungeon
 11379 | D:10     | Reached XP level 11. HP: 97/97 MP: 11/11
 11471 | D:10     | Noticed a two-headed ogre
 11578 | D:10     | Found a radiant altar of Vehumet.
 11586 | D:10     | Found a blossoming altar of Fedhas.
 11586 | D:10     | Found an ancient bone altar of Kikubaaqudgha.
 11602 | D:10     | Found a shimmering altar of Xom.
 11602 | D:10     | Found a stormy altar of Qazlal.
 11602 | D:10     | Found a stormy altar of Qazlal.
 11815 | D:10     | Reached skill level 10 in Fighting
 12552 | D:10     | Killed a two-headed ogre
 14712 | Lair:2   | Reached skill level 10 in Shields
 15244 | Lair:2   | Reached skill level 11 in Fighting
 15435 | Lair:2   | Reached skill level 10 in Long Blades
 15447 | Lair:2   | Reached ****** piety under Okawaru
 15457 | Lair:2   | Noticed Harold
 15477 | Lair:2   | Killed Harold
 15477 | Lair:2   | Reached XP level 12. HP: 84/108 MP: 12/12
 16241 | Lair:2   | Received a gift from Okawaru
 16588 | Lair:2   | Found a staircase to the Snake Pit.
 17064 | Lair:3   | Found a labyrinth entrance.
 17077 | Lab      | Entered a labyrinth
 17246 | Lab      | Noticed a minotaur
 17768 | Lab      | Got a pitted rapier
 17771 | Lair:3   | Identified the +9 rapier of the Fox {pierce, MP+9 Dex+3} (You found it in a labyrinth)
 18603 | Lair:3   | Reached skill level 10 in Dodging
 19661 | Lair:3   | Upgraded the game from 0.22.0 to 0.22.0-1-g6561e4c
 19700 | Lair:4   | Noticed an eight-headed hydra
 19707 | Lair:4   | Killed an eight-headed hydra
 19707 | Lair:4   | Reached skill level 1 in Short Blades
 19958 | Lair:4   | You fall through a shaft for 2 floors!
 19958 | Lair:6   | Entered Level 6 of the Lair of Beasts
 19995 | Lair:6   | Received a gift from Okawaru
 20016 | Lair:6   | Got an encrusted dagger {god gift}
 20046 | Lair:6   | Found a dark tunnel.
 20053 | Volcano  | Entered a volcano
 20061 | Volcano  | Reached skill level 12 in Fighting
 20356 | Lair:5   | Identified the +4 dagger "Rucrimpi" {freeze, Str+3 Dex+3} (Okawaru gifted it to you on level 6 of the Lair of Beasts)
 20627 | Lair:5   | Found a viscous altar of Jiyva.
 20627 | Lair:5   | Found a staircase to the Slime Pits.
 21380 | Lair:4   | Found a staircase to the Swamp.
 21707 | Lair:4   | Reached XP level 13. HP: 117/117 MP: 13/13
 21969 | Lair:4   | Received a gift from Okawaru
 21992 | Lair:4   | Got a pair of pitted gloves {god gift}
 21998 | Lair:4   | Identified the +1 pair of gloves of the Prince of Darkness {Dex+3} (Okawaru gifted it to you on level 4 of the Lair of Beasts)
 22926 | Lair:5   | Reached skill level 1 in Invocations
 23494 | Lair:5   | Reached skill level 5 in Short Blades
 25225 | Lair:6   | Reached skill level 13 in Fighting
 25457 | Lair:6   | Reached skill level 5 in Invocations
 26356 | D:11     | Received a gift from Okawaru
 26493 | D:11     | Found a staircase to the Orcish Mines.
 26506 | D:11     | Reached XP level 14. HP: 127/127 MP: 18/18
 26677 | D:11     | Found a shadowy altar of Dithmenos.
 27093 | D:12     | Found Toodghal's Distillery.
 27234 | D:12     | Bought a potion of heal wounds for 75 gold pieces
 27234 | D:12     | Bought a potion of heal wounds for 75 gold pieces
 27234 | D:12     | Bought a potion of haste for 150 gold pieces
 27775 | D:12     | Noticed Frances
 28517 | Lair:6   | Paralysed by a hornet for 3 turns
 28860 | Lair:6   | Paralysed by a hornet for 3 turns
 29347 | Orc:1    | Entered Level 1 of the Orcish Mines
 29347 | Orc:1    | Noticed Fannar
 29390 | D:11     | Killed Fannar
 29968 | Orc:2    | Entered Level 2 of the Orcish Mines
 29968 | Orc:2    | Found a staircase to the Elven Halls.
 30192 | Orc:1    | Found a roughly hewn altar of Beogh.
 30211 | Orc:1    | Received a gift from Okawaru
 31315 | Orc:2    | Paralysed by an orc sorcerer for 7 turns
 31917 | Orc:2    | Found Regho's Book Shoppe.
 31924 | Orc:2    | Found Sutu's Antique Armour Shop.
 31930 | Orc:2    | Found Tuomyes's General Store.
 31932 | Orc:2    | Found Kefe's Antique Weapon Shoppe.
 31943 | Orc:2    | Bought a scroll of enchant armour for 97 gold pieces
 32186 | Swamp:1  | Entered Level 1 of the Swamp
 32489 | Swamp:1  | Received a gift from Okawaru
 32494 | Swamp:1  | Got a distressingly furry buckler {god gift}
 32508 | Lair:4   | Identified the +3 buckler of Jigsaw {*Slow Int+4 Dex+6} (Okawaru gifted it to you on level 1 of the Swamp)
 33021 | Swamp:1  | Reached skill level 14 in Fighting
 33021 | Swamp:1  | Reached XP level 15. HP: 65/138 MP: 22/22
 33938 | Swamp:1  | Reached skill level 10 in Invocations
 37200 | Swamp:2  | Got a pair of encrusted boots
 37211 | Swamp:2  | Identified the +1 pair of boots of the Sparrow {SInv} (You found it on level 2 of the Swamp)
 37348 | Snake:1  | Entered Level 1 of the Snake Pit
 38063 | Snake:1  | Noticed Agnes
 38078 | Snake:1  | Killed Agnes
 39787 | Snake:2  | Noticed Azrael
 39823 | Snake:2  | Killed Azrael
 39849 | Snake:1  | Received a gift from Okawaru
 40319 | Snake:2  | Noticed Saint Roka
 40679 | Lair:2   | Got a dazzling falchion {god gift}
 40680 | Lair:2   | Identified the +5 falchion of Dutej {slice, +Fly rElec rPois} (Okawaru gifted it to you on level 2 of the Lair of Beasts)
 40909 | Snake:2  | Found a runed door.
 40950 | Snake:2  | Found Leshroast's Book Boutique.
 41009 | Snake:2  | Found an opulent altar of Gozag.
 41347 | Snake:2  | Killed Saint Roka
 41833 | Snake:2  | Found a runed gate.
 41833 | Snake:2  | Found a runed gate.
 41833 | Snake:2  | Found a runed gate.
 41906 | Snake:2  | Found Mamp's Assorted Antiques.
 41906 | Snake:2  | Noticed Siufri's ghost (adept GrFi)
 41906 | Snake:2  | Noticed a nagaraja
 41909 | Snake:2  | Found Jempym's Assorted Antiques.
 42049 | Snake:3  | Noticed a nagaraja
 42539 | Snake:2  | Gained mutation: You possess an exceptional clarity of mind. [potion of mutation]
 42539 | Snake:2  | Gained mutation: You are weak. (Str -2) [potion of mutation]
 42539 | Snake:2  | Gained mutation: You have a pair of small antennae on your head. [potion of mutation]
 42539 | Snake:2  | Gained mutation: Your spells are a little harder to cast, but a little more powerful. [potion of mutation]
 42540 | Snake:2  | Lost mutation: You possess an exceptional clarity of mind. [potion of mutation]
 42540 | Snake:2  | Lost mutation: Your spells are a little harder to cast, but a little more powerful. [potion of mutation]
 42540 | Snake:2  | Lost mutation: You are weak. (Str -2) [potion of mutation]
 42540 | Snake:2  | Lost mutation: You have a pair of small antennae on your head. [potion of mutation]
 42540 | Snake:2  | Gained mutation: Your magical capacity is low. (-10% MP) [potion of mutation]
 42540 | Snake:2  | Gained mutation: You are agile. (Dex +2) [potion of mutation]
 42540 | Snake:2  | Gained mutation: Your large and strong wings let you fly indefinitely. [potion of mutation]
 42712 | Snake:2  | HP: 2/139 [anaconda (12)]
 42712 | Snake:2  | Slain by an anaconda

Skill      XL: |  1  2  3  4  5  6  7  8  9 10 11 12 13 14 15 |
---------------+----------------------------------------------+-----
Dodging        | 3 4 5 6 7 8 9 10 11 12 | 12.8
Fighting       | 4 5 6 7 8 9 11 12 13 14 | 14.8
Long Blades    | 3 4 5 6 7 8 10 | 10.7
Shields        | 4 5 6 7 9 10 11 12 13 | 13.8
Short Blades   | 3 6 7 9 |  9.1
Invocations    | 6 9 11 | 11.2

Action                   |  1- 3 |  4- 6 |  7- 9 | 10-12 | 13-15 || total
-------------------------+-------+-------+-------+-------+-------++-------
Melee: Long sword        |   123 |   172 |   187 |       |       ||   482
       Tailslap          |     8 |    26 |    82 |   197 |   439 ||   752
       Scimitar          |       |       |   197 |   617 |       ||   814
       Rapier            |       |       |       |   248 |  1829 ||  2077
       Falchion          |       |       |       |       |   139 ||   139
 Fire: Blowgun           |       |       |       |    12 |       ||    12
Throw: Throwing net      |       |       |       |     2 |     1 ||     3
Invok: Heroism           |       |       |     1 |     2 |    15 ||    18
       Finesse           |       |       |       |       |     4 ||     4
 Abil: Breathe Frost     |       |       |     8 |     8 |    18 ||    34
Evoke: Wand              |       |       |       |     6 |    10 ||    16
  Use: Potion            |     1 |     2 |     5 |     3 |    13 ||    24
       Scroll            |       |     1 |     4 |     7 |    21 ||    33
 Stab: Sleeping          |       |       |     1 |     4 |     4 ||     9
       Distracted        |       |       |       |       |     2 ||     2
  Eat: Chunk             |     2 |     8 |    15 |    25 |    32 ||    82
       Ration            |       |       |     2 |     6 |    12 ||    20
Armor: Skin              |    32 |    52 |    73 |   123 |   220 ||   500
Dodge: Dodged            |    55 |    80 |   184 |   451 |  1114 ||  1884
Block: Shield            |    58 |    96 |   180 |   491 |   413 ||  1238
       Large shield      |       |       |       |       |  1251 ||  1251
       Rpst.: Long sword |    14 |    25 |    33 |       |       ||    72
       Scimitar          |       |       |    24 |    94 |       ||   118
       Falchion          |       |       |       |       |     9 ||     9
